 Dungeon Crawl Stone Soup version 0.30-a0-170-g85af917532 (webtiles) character file.

Game seed: 8623035852952082573

2472 qw the Cleaver (level 9, -1/57 HPs)
             Began as a Gargoyle Fighter on Oct 1, 2022.
             Slain by a two-headed ogre
             ... wielding a +0 giant spiked club
              (5 damage)
             ... on level 7 of the Dungeon.
             The game lasted 00:02:29 (6763 turns).

qw the Cleaver (Gargoyle Fighter)                   Turns: 6763, Time: 00:02:30

Health: -1/57      AC: 21    Str: 23 (24) XL:     9   Next: 51%
Magic:  9/9        EV:  6    Int:  7 (9)  God:
Gold:   25         SH:  4    Dex:  8 (9)  Spells: 8/8 levels left

rFire   + . .      SeeInvis .    u - +1 war axe (spect)
rCold   . . .      Faith    .    c - +0 buckler
rNeg    + . .      Spirit   .    v - +0 plate armour
rPois   inf        Reflect  .    (no helmet)
rElec   +          Harm     .    e - +0 cloak
rCorr   .          Rampage  .    (no gloves)
Will    .....                    h - +0 pair of boots
Stlth   ..........               (no amulet)
HPRegen 0.19/turn                w - ring of protection from fire
MPRegen 0.11/turn                (no ring)

@: about to teleport
A: sickness immunity, AC +6, negative energy resistance 1, electricity
resistance, torment resistance 1, petrification resistance
a: no special abilities


You were on level 7 of the Dungeon.
You visited 2 branches of the dungeon, and saw 9 of its levels.

You collected 300 gold pieces.
You spent 275 gold pieces at shops.


Innate Abilities, Weirdness & Mutations

You are immune to sickness and miasma.
Your stone body is resilient. (AC +6)
You are immune to poison.
You resist negative energy. (rN+)
You are resistant to electric shocks. (rElec)
You are resistant to unholy torment.
You are immune to petrification.


   Skills:
 - Level 7.1 Fighting
 - Level 9.1 Axes
 - Level 1.9 Throwing
 + Level 5.6 Armour
 - Level 1.0 Dodging
 - Level 4.0 Shields


You had 8 spell levels left.
You didn't know any spells.
Your spell library was empty.

Inventory:

Hand Weapons
 u - a +1 spectral war axe (weapon)
 x - a +0 morningstar
Missiles
 r - 2 boomerangs (quivered)
Armour
 c - a +0 buckler (worn)
 e - a +0 cloak (worn)
 h - a +0 pair of boots (worn)
 v - a +0 plate armour (worn)
Jewellery
 w - a ring of protection from fire (left hand)
Scrolls
 f - a scroll of brand weapon
 k - a scroll of identify
 o - 4 scrolls of teleportation
Potions
 a - a potion of cancellation
 b - 2 potions of curing
 d - 2 potions of might
 i - a potion of mutation
 l - a potion of lignification
 m - 3 potions of attraction
 p - a potion of flight {unknown}
 s - a potion of berserk rage {unknown}

Dungeon Overview and Level Annotations

Branches:
Dungeon (8/15)             Temple (1/1) D:5
   Lair: D:8-11

Altars:
Cheibriados
Dithmenos
Elyvilon
Fedhas
Gozag
Hepliaklqana
Nemelex Xobeh
Qazlal
Trog
Wu Jian
Xom
Zin

Shops:
D:6 :   D:7 *(

Annotations:
D:8 Prince Ribbit


Message History

The ice beast is moderately wounded.
Your +1 spectral war axe hits the ice beast!
The ice beast hits you but does no damage.
You closely miss the ice beast.
The ice beast is heavily wounded.
Your +1 spectral war axe hits the ice beast!
You kill the ice beast!
(D) Dungeon (T) Temple
Where to? (* - list waypoints, Enter - D:8, ? - help)
What level of the Dungeon? (default 1, ? - help)
You climb downwards.
Prince Ribbit gives a loud, deep croak!
The two-headed ogre shouts in stereo!
The kobold hits you but does no damage. The orc hits you but does no damage.
The kobold hits you but does no damage. The orc hits you but does no damage. x2
There is a stone staircase leading up here.
6759 ||| STAIRDANCE You block the kobold's attack.
The two-headed ogre hits you with a +0 giant spiked club!!
The two-headed ogre hits you with a +0 giant spiked club!
The orc hits you but does no damage. x2
You climb upwards.
There is a stone staircase leading down here.
You hit the two-headed ogre but do no damage.
You hit the kobold. You hit the orc. You slash the orc!
You kill the orc!
Your +1 spectral war axe hits the kobold!
You kill the kobold!
Your +1 spectral war axe completely misses the two-headed ogre.
Your +1 spectral war axe hits the orc.
You block the orc's attack.
You hit the orc.
You kill the orc!
You slash the two-headed ogre!
Your +1 spectral war axe hits the two-headed ogre!!
The two-headed ogre hits you with a +0 giant spiked club.
The two-headed ogre hits you with a +0 giant spiked club!
6763 ||| READING 5 scrolls of teleportation.
As you read the scroll of teleportation, it crumbles to dust.
You feel strangely unstable.
The two-headed ogre hits you with a +0 giant spiked club.
You die...

.####.# #..........#...#....##.#
...##.# #..........#.>.#..####.#
.#.##.# #..........#...#..# #..
.#.##.####.#........#.\.#..# ###
.................)[)#...#.##
.#.##.####.##....)#.#####.#######
...#..#...........##[.....#.....#
####.......##..).[.[......#......
##...##....#.#..@)##..#...+......
..........))...O¤)##..#.#.#......
##.##.....##/.............'......
..........##.#..........#.#......
..........##.#...####.#.#.#......
#...##.#.###....## #.#..........
....##.......#..###########..##..
#...##.#).####.......# #.......
#.........# #.......#####....#.#


You could see a two-headed ogre.

Vanquished Creatures
  A shadow (D:7)
  A steam dragon (D:7)
  2 water moccasins
  A black bear (D:6)
  An orc warrior (D:7)
  3 ice beasts
  2 ogres (D:4)
  A kobold brigand (D:6)
  A necrophage (D:7)
  A scorpion (D:6)
  9 wights (D:7)
  2 jellies
  An electric eel (D:6)
  A hound (D:4)
  2 orc priests (D:7)
  A gnoll bouda (D:7)
  An iguana (D:5)
  6 orc wizards
  10 adders
  4 gnolls (D:7)
  A shadow imp (D:6)
  2 white imps
  An ufetubus (D:5)
  A worm (D:2)
  A dart slug (D:3)
  27 orcs
  5 ball pythons
  5 bats
  11 endoplasms
  4 giant cockroaches
  9 hobgoblins
  2 jackals (D:4)
  15 kobolds
  A quokka (D:1)
  4 frilled lizards
  8 goblins
  11 rats
159 creatures vanquished.

Notes
Turn   | Place    | Note
-------+----------+-------------------------------------------
     0 | D:1      | qw the Gargoyle Fighter began the quest for the Orb.
     0 | D:1      | Reached XP level 1. HP: 14/14 MP: 1/1
     0 | D:1      | 0 ||| qw: Version: 0.2-a-13-gfc7b4b4
     0 | D:1      | 0 ||| qw: Game counter: 1739
     0 | D:1      | 0 ||| qw: Always use a shield: true
     0 | D:1      | 0 ||| qw: God list: Okawaru
     0 | D:1      | 0 ||| qw: Allow faded altars: false
     0 | D:1      | 0 ||| qw: Do Orc after D:15 true
     0 | D:1      | 0 ||| qw: Do second Lair branch before Depths: true
     0 | D:1      | 0 ||| qw: Lair rune preference: random
     0 | D:1      | 0 ||| qw: Plans: Normal, Zot:1-4, God:TSO, Crypt, Tomb,
                  | Pan, Slime:5, Hells, Abyss, Orb
     0 | D:1      | 0 ||| PLANNING D:1-11
    64 | D:1      | Reached skill level 2 in Axes
   186 | D:1      | Reached XP level 2. HP: 18/19 MP: 2/2
   449 | D:1      | Found a faded altar of an unknown god.
   490 | D:1      | 490 ||| DROPPING +0 club.
   503 | D:1      | 503 ||| Stepping ~*~*~tactically~*~*~ (stealth).
   530 | D:1      | Reached skill level 3 in Axes
   763 | D:1      | 763 ||| UPGRADING to +0 cloak.
   768 | D:1      | 768 ||| DROPPING +6 ring of intelligence.
   769 | D:1      | 769 ||| READING scroll labelled UTHIOD TAEDWELL.
   770 | D:1      | 770 ||| READING scroll labelled DAPPUS XADWUE.
   771 | D:1      | 771 ||| READING scroll labelled VYJAWO NUSI.
   776 | D:1      | 776 ||| READING scroll labelled CUOR LUIMMOMP.
   823 | D:2      | Reached XP level 3. HP: 22/23 MP: 3/3
  1019 | D:2      | 1019 ||| Stepping ~*~*~tactically~*~*~ (stealth).
  1020 | D:2      | 1020 ||| Stepping ~*~*~tactically~*~*~ (stealth).
  1288 | D:2      | 1288 ||| Stepping ~*~*~tactically~*~*~ (stealth).
  1289 | D:2      | 1289 ||| Stepping ~*~*~tactically~*~*~ (stealth).
  1292 | D:2      | 1292 ||| Stepping ~*~*~tactically~*~*~ (stealth).
  1294 | D:2      | 1294 ||| Stepping ~*~*~tactically~*~*~ (stealth).
  1295 | D:2      | 1295 ||| Stepping ~*~*~tactically~*~*~ (stealth).
  1312 | D:2      | 1312 ||| Stepping ~*~*~tactically~*~*~ (stealth).
  1718 | D:2      | Identified the +0 scale mail of Cexkomib {Dex+7}
  1727 | D:2      | 1727 ||| UPGRADING to +0 scale mail of Cexkomib {Dex+7}.
  1737 | D:2      | 1737 ||| DROPPING +0 scale mail.
  1738 | D:2      | 1738 ||| READING scroll labelled LEENUZ OLLI.
  1739 | D:2      | 1739 ||| READING scroll labelled GULALAS ONAOF.
  1740 | D:2      | 1740 ||| READING scroll labelled PECKOE BAM SES.
  1741 | D:2      | 1741 ||| READING scroll labelled URA EMO JEORE.
  1882 | D:3      | Reached XP level 4. HP: 28/28 MP: 4/4
  2045 | D:3      | Reached skill level 1 in Dodging
  2092 | D:3      | 2092 ||| Stepping ~*~*~tactically~*~*~ (hiding).
  2095 | D:3      | 2095 ||| Stepping ~*~*~tactically~*~*~ (hiding).
  2215 | D:3      | Found a shimmering altar of Xom.
  2308 | D:3      | 2308 ||| Stepping ~*~*~tactically~*~*~ (stealth).
  2309 | D:3      | 2309 ||| Stepping ~*~*~tactically~*~*~ (stealth).
  2311 | D:3      | 2311 ||| Stepping ~*~*~tactically~*~*~ (stealth).
  2315 | D:3      | 2315 ||| Stepping ~*~*~tactically~*~*~ (stealth).
  2343 | D:3      | HP: 4/28 [something/magic dart (7)]
  2351 | D:3      | HP: 4/28 [orc wizard/+0 dagger (1)]
  2360 | D:3      | Reached skill level 4 in Axes
  2615 | D:3      | 2615 ||| DROPPING +0 whip.
  2648 | D:3      | 2648 ||| Stepping ~*~*~tactically~*~*~ (stealth).
  3205 | D:3      | 3205 ||| DROPPING ring of flight.
  3206 | D:3      | 3206 ||| READING scroll labelled AHIEFF EGUGOICW.
  3207 | D:3      | 3207 ||| READING scroll labelled DENKEO PINLYLI.
  3208 | D:3      | 3208 ||| READING 2 scrolls labelled LUAT COACHICWEOTAI.
  3330 | D:4      | Noticed an ogre
  3336 | D:4      | Reached XP level 5. HP: 22/32 MP: 5/5
  3336 | D:4      | 3336 ||| Stepping ~*~*~tactically~*~*~ (stealth).
  3338 | D:4      | HP: 8/32 [ogre/+0 giant club (14)]
  3339 | D:4      | Killed an ogre
  3340 | D:4      | Reached skill level 5 in Axes
  3344 | D:4      | 3344 ||| Stepping ~*~*~tactically~*~*~ (stealth).
  3387 | D:4      | 3387 ||| FLEEEEING.
  3388 | D:4      | 3388 ||| FLEEEEING.
  3389 | D:4      | 3389 ||| FLEEEEING.
  3390 | D:4      | 3390 ||| FLEEEEING.
  3552 | D:4      | Noticed an ogre
  3560 | D:4      | Reached XP level 6. HP: 35/37 MP: 6/6
  3892 | D:4      | 3892 ||| Stepping ~*~*~tactically~*~*~ (stealth).
  3893 | D:4      | 3893 ||| Stepping ~*~*~tactically~*~*~ (stealth).
  4260 | D:4      | 4260 ||| UPGRADING to +0 pair of boots.
  4265 | D:4      | 4265 ||| UPGRADING to +0 chain mail.
  4275 | D:4      | 4275 ||| DROPPING +0 scale mail of Cexkomib {Dex+7}.
  4276 | D:4      | 4276 ||| READING scroll labelled QOIFAU SUHUQI.
  4277 | D:4      | 4277 ||| DRINKING 2 green potions.
  4278 | D:4      | 4278 ||| DRINKING 2 yellow potions.
  4279 | D:4      | 4279 ||| READING 3 scrolls of identify.
  4279 | D:4      | 4279 ||| IDENTIFYING clear potion
  4280 | D:4      | 4280 ||| READING 2 scrolls of identify.
  4280 | D:4      | 4280 ||| IDENTIFYING ruby potion
  4293 | D:5      | Entered Level 5 of the Dungeon
  4311 | D:5      | 4311 ||| Stepping ~*~*~tactically~*~*~ (hiding).
  4312 | D:5      | 4312 ||| Stepping ~*~*~tactically~*~*~ (hiding).
  4398 | D:5      | Found an ornate altar of the Wu Jian Council.
  4536 | D:5      | Reached XP level 7. HP: 39/44 MP: 7/7
  4689 | D:5      | Reached skill level 6 in Axes
  4701 | D:5      | Found a staircase to the Ecumenical Temple.
  4702 | D:5      | 4702 ||| PLANNING TEMPLE
  4702 | D:5      | 4702 ||| READING scroll labelled METEEZEESHRI.
  4711 | Temple   | Entered the Ecumenical Temple
  4825 | Temple   | 4825 ||| PLANNING D:1-11
  4865 | D:5      | 4865 ||| READING scroll of brand weapon.
  4865 | D:5      | 4865 ||| BRANDING +1 vorpal war axe.
  5045 | D:6      | Identified the +1 robe of the Sacrificial Victim {Archmagi}
  5086 | D:6      | 5086 ||| Stepping ~*~*~tactically~*~*~ (stealth).
  5090 | D:6      | 5090 ||| Stepping ~*~*~tactically~*~*~ (stealth).
  5124 | D:6      | 5124 ||| Stepping ~*~*~tactically~*~*~ (stealth).
  5127 | D:6      | Reached skill level 7 in Axes
  5130 | D:6      | 5130 ||| Stepping ~*~*~tactically~*~*~ (stealth).
  5136 | D:6      | 5136 ||| Stepping ~*~*~tactically~*~*~ (stealth).
  5144 | D:6      | 5144 ||| Stepping ~*~*~tactically~*~*~ (stealth).
  5164 | D:6      | Found Sair's Book Shop.
  5244 | D:6      | 5244 ||| Stepping ~*~*~tactically~*~*~ (hiding).
  5250 | D:6      | 5250 ||| Stepping ~*~*~tactically~*~*~ (stealth).
  5255 | D:6      | Reached skill level 1 in Throwing
  5255 | D:6      | Reached XP level 8. HP: 48/49 MP: 8/8
  5328 | D:6      | Found a blossoming altar of Fedhas.
  5359 | D:6      | Found a glowing silver altar of Zin.
  5459 | D:6      | 5459 ||| DROPPING ring of wizardry.
  5460 | D:6      | 5460 ||| READING 3 scrolls of identify.
  5460 | D:6      | 5460 ||| IDENTIFYING amethyst potion
  5461 | D:6      | 5461 ||| READING 2 scrolls of identify.
  5461 | D:6      | 5461 ||| IDENTIFYING fizzy green potion
  5553 | D:7      | Noticed a shadow
  5559 | D:7      | Killed a shadow
  5560 | D:7      | Reached skill level 8 in Axes
  5575 | D:7      | Found Ysatitim's Antique Weapon Shoppe.
  5714 | D:7      | 5714 ||| Stepping ~*~*~tactically~*~*~ (stealth).
  5718 | D:7      | 5718 ||| Stepping ~*~*~tactically~*~*~ (stealth).
  5795 | D:7      | 5795 ||| Stepping ~*~*~tactically~*~*~ (hiding).
  5809 | D:7      | 5809 ||| Stepping ~*~*~tactically~*~*~ (hiding).
  5815 | D:7      | Reached skill level 6 in Fighting
  5815 | D:7      | HP: 9/51 [ice beast (6)]
  5816 | D:7      | 5816 ||| READING 5 scrolls of teleportation.
  5816 | D:7      | HP: 4/51 [orc/+0 flail (5)]
  5817 | D:7      | 5817 ||| DRINKING potion of heal wounds.
  6033 | D:7      | 6033 ||| Stepping ~*~*~tactically~*~*~ (hiding).
  6041 | D:7      | Reached XP level 9. HP: 55/55 MP: 9/9
  6041 | D:7      | 6041 ||| Stepping ~*~*~tactically~*~*~ (hiding).
  6047 | D:7      | Reached skill level 9 in Axes
  6150 | D:7      | Found Miol Egh's Fire Supplies.
  6156 | D:7      | 6156 ||| BUYING ring of protection from fire (275 gold).
  6156 | D:7      | Bought a ring of protection from fire for 275 gold pieces
  6195 | D:7      | 6195 ||| DROPPING +0 flail.
  6241 | D:7      | 6241 ||| Stepping ~*~*~tactically~*~*~ (hiding).
  6509 | D:7      | Found an opulent altar of Gozag.
  6510 | D:7      | Found a sparkling altar of Nemelex Xobeh.
  6584 | D:7      | 6584 ||| DROPPING +1 ring mail of cold resistance.
  6585 | D:7      | 6585 ||| UPGRADING to +0 plate armour.
  6595 | D:7      | 6595 ||| DROPPING +0 chain mail.
  6596 | D:7      | 6596 ||| UPGRADING to ring of protection from fire.
  6597 | D:7      | 6597 ||| READING scroll labelled QEIDE IFFAREPSAAW.
  6598 | D:7      | 6598 ||| DRINKING 3 sapphire potions.
  6599 | D:7      | 6599 ||| DRINKING 2 viscous yellow potions.
  6600 | D:7      | 6600 ||| DROPPING 2 potions of degeneration.
  6601 | D:7      | 6601 ||| DROPPING potion of brilliance.
  6631 | D:8      | 6631 ||| STAIRDANCE
  6735 | D:8      | 6735 ||| STAIRDANCE
  6742 | D:8      | 6742 ||| STAIRDANCE
  6752 | D:8      | 6752 ||| STAIRDANCE
  6758 | D:8      | Noticed Prince Ribbit
  6758 | D:8      | Noticed a two-headed ogre
  6759 | D:8      | 6759 ||| STAIRDANCE
  6762 | D:7      | HP: 4/57 [two-headed ogre/+0 giant spiked club (14)]
  6763 | D:7      | 6763 ||| READING 5 scrolls of teleportation.
  6763 | D:7      | Slain by a two-headed ogre

Levels and vault maps discovered:
D:1:      psy_arrival_heroes, layout_rooms, ebering_ecumenical_altar_petrified,
          corner_web_ring
D:2:      layout_loops_ring, minivault_25
D:3:      layout_loops_corners, mainiacjoe_overflow_six_doors_small,
          serial_co_window_serial, co_window_paths_a, co_window_corner_a,
          co_window_paths_a, co_window_cross_1, co_window_paths_b,
          co_window_unsneaky_path_d, co_window_broadway_b, co_window_corner_ca,
          co_window_paths_d, glass_columns_b, glass_columns_b
D:4:      layout_gridville, minmay_starry_boxes
D:5:      nicolae_BIG_FREAKIN_CUBE, layout_rooms,
          pdpol_wu_jian_five_deadly_venoms, minmay_temple_entry_stoned_glass
D:6:      layout_rooms, fedhas_ov_isle_minmay, zin_statuary, serial_shops,
          nicolae_diamond_shop, minivault_4, kennysheep_generic_room_12
D:7:      layout_basic, grunt_temple_overflow_opulence, serial_shops,
          nicolae_take_the_stairs, nicolae_shop_fire_sale
          [nicolae_sub_dead_trees]
D:8:      layout_rooms, nicolae_ashenzari_skybound,
          nicolae_yredelemnul_corpse_copse, bloody_makhleb,
          mainiacjoe_overflow_concentric_impassable,
          gammafunk_temple_overflow_statue, lair_entry_dummy, hex_tiny,
          nicolae_elevator_lobby_plus, uniq_maggie, uniq_pikel,
          uniq_prince_ribbit1
Temple:   nicolae_temple_superstar

Skill      XL: |  1  2  3  4  5  6  7  8  9 |
---------------+----------------------------+-----
Axes           | 2 3 4 5 7 8 9 |  9.1
Dodging        | 1 |  1.0
Fighting       | 4 5 6 7 |  7.1
Throwing       | 1 |  1.9
Armour         | 4 5 |  5.6
Shields        | 4 |  4.0

Action                   |  1- 3 |  4- 6 |  7- 9 || total
-------------------------+-------+-------+-------++-------
Melee: War axe           |   130 |   123 |   140 ||   393
Throw: Boomerang         |       |       |    28 ||    28
  Use: Scroll            |     8 |     6 |     7 ||    21
       Potion            |       |     2 |     3 ||     5
Armor: Scale mail        |    51 |    42 |       ||    93
       Chain mail        |       |    12 |    56 ||    68
       Plate armour      |       |       |    15 ||    15
Dodge: Dodged            |    61 |    44 |    23 ||   128
Block: Buckler           |    33 |    25 |    17 ||    75

Table legend:
 A = Non-vault XP
 B = Vault XP
 C = Vault XP percentage of total XP
 D = Non-vault monster count
 E = Vault monster count
 F = Vault count percentage of total count
                 A         B        C        D         E       F
            +---------+---------+-------+---------+---------+-------
      Total |    3401 |     131 |   3.7 |     156 |       3 |   1.9
            +---------+---------+-------+---------+---------+-------
        D:1 |      30 |       0 |   0.0 |      19 |       0 |   0.0
        D:2 |      34 |       0 |   0.0 |      21 |       0 |   0.0
        D:3 |      80 |       0 |   0.0 |      19 |       0 |   0.0
        D:4 |     311 |     131 |  29.6 |      24 |       3 |  11.1
        D:5 |      97 |       0 |   0.0 |       7 |       0 |   0.0
        D:6 |     748 |       0 |   0.0 |      24 |       0 |   0.0
        D:7 |    2101 |       0 |   0.0 |      42 |       0 |   0.0
            +---------+---------+-------+---------+---------+-------
